 Dungeon Crawl Stone Soup version 0.28-a0-514-g0d7ab7f379 (webtiles) character file.

Game seed: 1931614717779114253

382 Leszczynek the Chopper (level 7, -2/52 HPs)
             Began as a Human Gladiator on Sept 22, 2021.
             Was an Elder of Ignis.
             Shot with an arrow by a centaur (7 damage)
             ... on level 5 of the Dungeon.
             The game lasted 00:12:10 (1156 turns).

Leszczynek the Chopper (Human Gladiator)            Turns: 1156, Time: 00:12:11

Health: -2/52      AC:  7    Str: 16    XL:     7   Next: 5%
Magic:  7/7        EV: 11    Int:  8    God:    Ignis [****..]
Gold:   70         SH:  0    Dex: 15    Spells: 6/6 levels left

rFire   + . .      SeeInvis .   a - +0 war axe
rCold   . . .      Faith    .   (no shield)
rNeg    . . .      Spirit   .   e - +0 ring mail
rPois   .          Reflect  .   c - +0 helmet
rElec   .          Harm     .   (no cloak)
rCorr   .          Rampage  .   q - +0 pair of gloves
Will    .....                   (no boots)
Stlth   ..........              (no amulet)
HPRegen 0.17/turn               (no ring)
MPRegen 0.10/turn               (no ring)

@: mighty, silenced
A: no striking features
a: Renounce Religion


You were on level 5 of the Dungeon.
You worshipped Ignis.
Ignis was greatly pleased with you.
You visited 1 branch of the dungeon, and saw 7 of its levels.

You collected 70 gold pieces.

Inventory:

Hand Weapons
 a - a +0 war axe (weapon)
Missiles
 d - 3 throwing nets (quivered)
 h - 69 sling bullets
 l - 10 poisoned darts
 m - 42 bolts
Armour
 c - a +0 helmet (worn)
 e - a +0 ring mail (worn)
 q - a +0 pair of gloves (worn)
Scrolls
 i - a scroll of identify {unknown}
 j - a scroll of magic mapping {unknown}
 k - a scroll of blinking {unknown}
 n - a scroll of immolation {unknown}
 p - a scroll of enchant armour {unknown}


   Skills:
 + Level 3.0 Fighting
 - Level 7.0 Axes
 - Level 2.0 Throwing
 - Level 3.0 Dodging


You had 6 spell levels left.
You didn't know any spells.
Your spell library contained the following spells:

 Spells                   Type           Power      Damage    Failure   Level
 Freeze                   Ice            0%         1d3       63%         1
 Shock                    Conj/Air       0%         1d3       63%         1
 Frozen Ramparts          Ice            0%         1d2       94%         3
 Swiftness                Air            0%         N/A       94%         3
 Airstrike                Air            0%         N/A       100%        4
 Hailstorm                Conj/Ice       0%         3d3       100%        4


Dungeon Overview and Level Annotations

Branches:
Dungeon (7/15)
 Temple: D:4-7

Altars:
Nemelex Xobeh
Zin
Ignis


Message History

The water moccasin zombie bites you.
You closely miss the water moccasin zombie.
The water moccasin zombie is severely damaged.
The water moccasin zombie bites you but does no damage.
The water moccasin zombie closely misses you.
You closely miss the water moccasin zombie.
The water moccasin zombie is severely damaged.
The water moccasin zombie misses you.
You hit the water moccasin zombie.
The water moccasin zombie is almost destroyed.
The water moccasin zombie barely misses you.
The water moccasin zombie bites you but does no damage.
You slash the water moccasin zombie!
You destroy the water moccasin zombie!
Your Axes skill increases to level 7!
You have reached level 7!
There is an open door here.
b - a metallic white potion A centaur comes into view.
The centaur shouts!
The centaur wields a +0 shortbow.
The centaur shoots an arrow.
The arrow hits you. Fires begin to smoulder around you!
The centaur shoots an arrow.
The arrow hits you.
You hear a howl!
The centaur shoots an arrow.
The arrow hits you!
* * * LOW HITPOINT WARNING * * *
The fire ignites! x10; The centaur smothers the flame.
The fire ignites! x51
You smother the flame.
The fire ignites! x33
Okay, then.
It was a potion of might.
You feel very mighty all of a sudden.
Unknown command.
It was a potion of magic.
Magic courses through your body.
The centaur shoots an arrow.
The arrow barely misses you.
Okay, then.
As you read the scroll labelled BAVEAXK EFOY, it crumbles to dust.
A profound silence engulfs you.
It was a scroll of silence.
The centaur shoots an arrow.
The arrow hits you!
You die...

#.........#'#### .§§§.
#.§§§......)...# .☼§§.
#.§§.......>...#
.§☼§§.#.§§....†......#
.c§§§§#.§§......[....#
.§§§§§##§#######.....#
.§§§§§§§§§§§§§§#.....#
.§§§§§§☼§§§§§☼§#.<...#
.§§§§§§.@§§§○§§#.....#
#§§§§§##§§§☼§§§#.....#
#+#### #########.....#
#.....# #.....#
#.....# #.....#
+.....# #.....#


You could see a centaur.

Vanquished Creatures
  An ogre (D:5)
  A scorpion (D:5)
  A water moccasin zombie (D:5)
  3 hounds
  A centaur skeleton (D:6)
  3 adders
  3 dart slugs
  8 ball pythons
  7 endoplasms
  2 giant cockroaches
  5 goblins
  5 hobgoblins
  2 kobolds
  2 quokkas
  3 bats
  2 rats
49 creatures vanquished.

Vanquished Creatures (others)
  24 foxfires
  2 fungi (D:4)
26 creatures vanquished.

Grand Total: 75 creatures vanquished

Notes
Turn   | Place    | Note
-------+----------+-------------------------------------------
     0 | D:1      | Leszczynek the Human Gladiator began the quest for the Orb.
     0 | D:1      | Reached XP level 1. HP: 16/16 MP: 1/1
   112 | D:1      | Found a faded altar of an unknown god.
   123 | D:1      | Became a worshipper of Ignis, the Dying Flame
   124 | D:1      | huuuh
   124 | D:1      | so this is a one-time use god?
   124 | D:1      | do i get it right?
   192 | D:2      | you don't get piety for kills
   192 | D:2      | so maybe it really is a one time use god
   268 | D:2      | Reached XP level 2. HP: 21/22 MP: 2/2
   347 | D:1      | Reached skill level 4 in Axes
   347 | D:1      | Reached XP level 3. HP: 22/27 MP: 3/3
   548 | D:3      | Reached XP level 4. HP: 19/33 MP: 4/4
   626 | D:3      | Reached skill level 5 in Axes
   757 | D:3      | d:2 orc priest with a glaive
   757 | D:3      | lol
   850 | D:3      | Reached XP level 5. HP: 22/38 MP: 5/5
   909 | D:4      | Found a sparkling altar of Nemelex Xobeh.
   919 | D:4      | You fall into a shaft and drop 2 floors!
   920 | D:6      | nice
   953 | D:6      | Reached skill level 3 in Fighting
   960 | D:6      | Found a glowing silver altar of Zin.
   963 | D:5      | Entered Level 5 of the Dungeon
   969 | D:5      | Reached skill level 6 in Axes
   969 | D:5      | Reached XP level 6. HP: 40/47 MP: 6/6
  1056 | D:5      | Noticed an ogre
  1061 | D:5      | oh, that's what it does
  1061 | D:5      | uhhh
  1061 | D:5      | not what i had in mind
  1068 | D:5      | Killed an ogre
  1141 | D:5      | Reached skill level 7 in Axes
  1141 | D:5      | Reached XP level 7. HP: 20/52 MP: 7/7
  1153 | D:5      | HP: 5/52 [centaur/arrow (9)]
  1156 | D:5      | Shot with an arrow by a centaur

Illustrated notes #............# # #..#####.###.# # #..# ##.# # #..# #..# #..# #.## #####..####.####.# #.......†........# .####............. #@^..####.####### ###### #.# #.# #.# #># .# Turn 124 on D:1: huuuh # #.###### # ##......##.# .......(@..# ######.#### #.# ##########.### #.....<......# #.########.#.# #.#.# #.# # #.# Turn 192 on D:2: you don't get piety for kills .. ##.. ######...... #......##... #@....##... ###.....#..# #..........# #.....#........# ..#####.......## ###...##... .... #.......# #.... #.#..########.... ##.#.## #........ Turn 757 on D:3: d:2 orc priest with a glaive ####### ##.....## #.....@.# #.........# #.........# #.........# #.......>.# #>......... ##.......##. ......... .. Turn 920 on D:6: nice

.............
.....§......
#...§§....######
+...§§§...+§§§.#
#...§§§§..#§§..#
#...§§§§§.#.§..#
#...§§☼§§§#§####
#...§§§§§§§O§§§#
#...§§§§§§☼@§§§#
#...§§§§§§§§§§§#
#...§§§§§§§§§§§#
##+#######§§§§§#
#§§§§§# #§§§§§#
#§§§§☼# #.....#
#.....#


Turn 1061 on D:5: oh, that's what it does

Levels and vault maps discovered:
D:1:      nzn_arrival_depleted_hourglass, layout_loops_ring,
          hellmonk_ecumenical_altar_leap_of_faith, minmay_pentomino_r4
D:2:      layout_loops_ring, hangedman_decor_lopped
D:3:      layout_rooms
D:4:      layout_loops_ring, lemuel_coloured_pillars_altar,
          mainiacjoe_overflow_chevrons, minmay_misc_feat_x, uniq_edmund
D:5:      layout_gridville
D:6:      layout_rooms, mainiacjoe_overflow_alcove_1, overflow_temple_1_default,
          nicolae_qazlal_scattered_showers, nicolae_overflow_hidden_temple,
          minmay_hedge_maze
D:7:      layout_basic, minmay_temple_entry_hall, serial_shops,
          nicolae_take_the_stairs, minmay_misc_feat_diagonals, uniq_harold

Skill      XL: |  1  2  3  4  5  6 |
---------------+-------------------+-----
Axes           | 4 5 6 7 |  7.0
Fighting       | 3 |  3.0
Throwing       | |  2.0
Dodging        | |  3.0

Action                   |  1- 3 |  4- 6 |  7- 9 || total
-------------------------+-------+-------+-------++-------
Melee: War axe           |    54 |    74 |       ||   128
Throw: Throwing net      |     2 |     1 |       ||     3
Invok: Foxfire Swarm     |     1 |     1 |       ||     2
       Sea of Fire       |       |     1 |     1 ||     2
  Use: Potion            |       |     1 |     2 ||     3
       Scroll            |       |       |     1 ||     1
Armor: Ring mail         |    20 |    27 |       ||    47
Dodge: Dodged            |    41 |    37 |     1 ||    79

Table legend: (Time is in decaauts)
 A = Elapsed time spent in this place.
 B = Non-inter-level travel time spent in this place.
 C = Inter-level travel time spent in this place.
 D = Time resting spent in this place.
 E = Time spent auto-exploring this place.
 F = Levels seen in this place.
 G = Mean time per level.
                   A        B        C        D        E       F      G
               +--------+--------+--------+--------+--------+-----+--------+
         Total |   1223 |   1202 |     21 |      0 |      0 |   7 |  174.7 |
       Dungeon |   1223 |   1202 |     21 |      0 |      0 |   7 |  174.7 |
               +--------+--------+--------+--------+--------+-----+--------+

Top non-repeatable levels by time:
     D:3: 394 daAuts
     D:1: 307 daAuts
     D:2: 259 daAuts
     D:5: 156 daAuts
     D:4: 61 daAuts
     D:6: 39 daAuts
     D:7: 5 daAuts
